 Dungeon Crawl Stone Soup version 0.17-a0-1411-g06ff558 (webtiles) character file.

84 urechis the Covered (level 4, 0/29 HPs)
             Began as a Gargoyle Fighter on June 23, 2015.
             Slain by a gnoll
             ... wielding a +0 flail
              (3 damage)
             ... on level 3 of the Dungeon.
             The game lasted 00:03:38 (1657 turns).

urechis the Covered (Gargoyle Fighter)              Turns: 1657, Time: 00:03:38

Health: 0/29       AC: 11    Str: 20    XL:     4   Next: 46%
Magic:  4/4        EV:  7    Int:  8    God:
Gold:   121        SH:  9    Dex: 10    Spells: 0 memorised, 3 levels left

rFire  . . .     SeeInvis .     a - +0 flail
rCold  . . .     Clarity  .     b - +0 scale mail
rNeg   + . .     SustAt   .     c - +0 shield
rPois  ∞         Gourm    .     u - +0 helmet
rElec  +         Spirit   .     (no cloak)
rCorr  .         Warding  .     (no gloves)
rMut   .         Stasis   .     (no boots)
MR     .....                    (no amulet)
Stlth  ..........               (no ring)
                                (no ring)

@: not resistant to hostile enchantments, extremely unstealthy
A: negative energy resistance 1, electricity resistance, unbreathing,
petrification resistance, rot immunity, AC +3
a: no special abilities


You were on level 3 of the Dungeon.
You were near starving.

You visited 1 branch of the dungeon, and saw 3 of its levels.

You collected 121 gold pieces.

Inventory:

Hand weapons
 a - a +0 flail (weapon)
Missiles
 e - a throwing net (quivered)
Armour
 b - a +0 scale mail (worn)
 c - a +0 shield (worn)
 u - a +0 helmet (worn)
Scrolls
 f - a scroll of recharging {unknown}
 h - a scroll of fog {unknown}
 n - a scroll of immolation {unknown}
 o - 3 scrolls of identify {unknown}
 s - a scroll of random uselessness {unknown}
 t - a scroll of amnesia {unknown}
Potions
 d - a potion of might
 g - 3 potions of curing {unknown}
 j - 2 potions of lignification {unknown}
 k - a potion of heal wounds {unknown}
 l - a potion of agility {unknown}
 r - a potion of haste {unknown}
 v - a potion of berserk rage {unknown}
Comestibles
 i - 2 meat rations
 m - a bread ration
 p - 4 fruits
 q - a royal jelly


   Skills:
 + Level 4.0 Fighting
 + Level 2.4 Maces & Flails
 + Level 4.2 Armour
 + Level 4.0 Shields


You had 3 spell levels left.
You didn't know any spells.

Dungeon Overview and Level Annotations

Branches:
Dungeon (3/15)

Altars:
Ashenzari
Makhleb
Ru
Vehumet


Innate Abilities, Weirdness & Mutations

You are resistant to torment.
Your stone body is resilient (AC +3).
You are immune to poison.
You resist negative energy.
You are resistant to electric shocks.
You can survive without breathing.
You are immune to petrification.
You are immune to rotting.


Message History

You hit the gnoll.
The gnoll is heavily wounded.
You block the gnoll's attack.
You hit the gnoll.
The gnoll is heavily wounded.
You block the gnoll's attack. x2
You hit the gnoll but do no damage.
The gnoll is heavily wounded.
The gnoll hits you with a flail.
* * * LOW HITPOINT WARNING * * *
You closely miss the gnoll.
The gnoll is heavily wounded.
You block the gnoll's attack.
You barely miss the gnoll.
The gnoll is heavily wounded.
The gnoll hits you but does no damage.
You closely miss the gnoll.
The gnoll is heavily wounded.
The gnoll hits you with a flail.
You die...

#. #.# ## #.#
######## ...
........ #.#
#######. #.# #.
#K# ######. #g#
#...##. #@#
#...##.
#.##########...##.
#..........'......
############...#..
#####.. #.. #..
#.. ########## #..


You could see a gnoll and a kobold.

Vanquished Creatures
  3 gnolls (D:3)
  2 adders (D:2)
  3 giant geckos
  An orc (D:3)
  6 goblins
  2 hobgoblins
  2 jackals (D:1)
  4 kobolds
  A ball python (D:2)
  5 bats
  4 giant cockroaches
  A giant newt (D:1)
  3 rats
37 creatures vanquished.

Notes
Turn   | Place    | Note
--------------------------------------------------------------
     0 | D:1      | urechis the Gargoyle Fighter began the quest for the Orb.
     0 | D:1      | Reached XP level 1. HP: 14/14 MP: 1/1
   152 | D:1      | Reached XP level 2. HP: 16/19 MP: 2/2
   175 | D:1      | Found a shattered altar of Ashenzari.
   884 | D:2      | Found a burning altar of Makhleb.
   884 | D:2      | Found a radiant altar of Vehumet.
   929 | D:2      | Reached XP level 3. HP: 24/24 MP: 3/3
  1111 | D:2      | Found a sacrificial altar of Ru.
  1640 | D:3      | Reached skill level 4 in Armour
  1640 | D:3      | Reached XP level 4. HP: 16/29 MP: 4/4
  1657 | D:3      | Slain by a gnoll

Vault maps used:
D:1:      wheals_arrival_shading, minmay_misc_feat_encased,
          minmay_misc_feat_five, ashenzari_altar_1
D:2:      gammafunk_temple_overflow_elements, nicolae_ru_path_of_blood
D:3:      hangedman_decor_peaks_small

Action                   |  1- 3 |  4- 6 || total
-------------------------+-------+-------++-------
Melee: Flail             |   121 |    16 ||   137
  Eat: Chunk             |     1 |       ||     1
